[ AOE2 MATCH · #513731391 ]
UnrankedGoths vs Teutons
Player's team · WIN
[ REPLAY ANALYSIS · EXTRACTED FROM THE RECORDED GAME ]
Feudal
16:12
Castle
21:25
Imperial
52:19
| APM avg | 49.0 |
| APM peak | 78 |
| eAPM avg | 25.8 |
| Villagers / military | 153 / 160 |
Focus
⚔️ 27.5% · 🌾 72.5%
Militia ×66 · Cavalry Archer ×36 · Huskarl ×17 · Battering Ram ×12 · Hand Cannoneer ×10 · Mangonel ×8
Feudal
10:12
Castle
25:20
Imperial
50:05
| APM avg | 40.2 |
| APM peak | 77 |
| eAPM avg | 21.6 |
| Villagers / military | 80 / 43 |
Focus
⚔️ 44.2% · 🌾 55.8%
Teutonic Knight ×16 · Scorpion ×10 · Mangonel ×8 · Trebuchet (Packed) ×4 · Knight ×3 · Battering Ram ×2
Match map
Initial resources + every placement click. Lines = walls · curves = elevation contours. ◆ gold · ⬟ stone · ● berries · ✦ relic · ◌ wall gap
Your base· Open — 5t gap
AxD | Keiokenkun-Uno-Puro's base· Open — unwalled flank
Smoothed initial terrain · ◌ = detected wall gap · hover for details
Inputs per minute
— Istoleyourratings - - AxD | Keiokenkun-Uno-Puro
Build order — Istoleyourratings
First 150 of 484 actions detected
| 0:01 | queue | Villager (Male) |
| 0:01 | queue | Villager (Male) |
| 0:02 | queue | Villager (Male) |
| 0:02 | queue | Villager (Male) |
| 0:03 | Build | House |
| 0:05 | Build | House |
| 0:12 | Research | Loom |
| 0:12 | queue | Villager (Male) |
| 0:13 | queue | Villager (Male) |
| 0:13 | queue | Villager (Male) |
| 0:13 | queue | Villager (Male) |
| 1:25 | queue | Villager (Male) |
| 1:25 | queue | Villager (Male) |
| 1:46 | queue | Villager (Male) |
| 1:46 | queue | Villager (Male) |
| 2:18 | queue | Villager (Male) |
| 2:58 | queue | Villager (Male) |
| 2:58 | queue | Villager (Male) |
| 3:31 | queue | Villager (Male) |
| 3:54 | Build | House |
| 4:05 | queue | Villager (Male) |
| 4:30 | Build | Barracks |
| 4:41 | queue | Villager (Male) |
| 4:45 | Build | Palisade Wall |
| 4:47 | Build | Palisade Wall |
| 4:52 | Build | Palisade Wall |
| 4:56 | queue | Villager (Male) |
| 5:15 | queue | Villager (Male) |
| 5:25 | Build | House |
| 5:29 | queue | Militia |
| 5:29 | queue | Militia |
| 5:29 | queue | Militia |
| 6:08 | queue | Villager (Male) |
| 6:31 | queue | Villager (Male) |
| 6:55 | queue | Militia |
| 7:02 | Build | House |
| 7:21 | queue | Villager (Male) |
| 7:24 | Build | Lumber Camp |
| 7:44 | queue | Militia |
| 7:44 | queue | Militia |
| 7:45 | queue | Villager (Male) |
| 7:53 | Build | House |
| 8:16 | queue | Villager (Male) |
| 8:42 | queue | Villager (Male) |
| 8:58 | Build | Mill |
| 9:03 | queue | Militia |
| 9:07 | queue | Villager (Male) |
| 9:12 | Build | Mining Camp |
| 9:19 | Build | Mining Camp |
| 9:55 | queue | Villager (Male) |
| 10:10 | Build | Palisade Wall |
| 10:12 | Build | Palisade Wall |
| 10:13 | Build | Palisade Wall |
| 10:29 | queue | Militia |
| 10:46 | queue | Villager (Male) |
| 10:50 | Build | Farm |
| 10:51 | Build | Farm |
| 10:55 | Build | Farm |
| 11:37 | Build | Palisade Wall |
| 11:42 | Build | Palisade Wall |
| 11:55 | Build | Palisade Wall |
| 12:08 | queue | Villager (Male) |
| 12:09 | Build | Farm |
| 12:11 | Build | Farm |
| 12:13 | Build | Farm |
| 12:15 | Build | Farm |
| 12:29 | Build | House |
| 12:35 | queue | Militia |
| 12:43 | Build | Farm |
| 12:46 | Build | Farm |
| 13:16 | Build | Farm |
| 14:02 | Research | Feudal Age |
| 14:02 | Research | Feudal Age |
| 14:03 | Research | Feudal Age |
| 14:20 | Build | House |
| 14:24 | Build | Palisade Wall |
| 14:27 | Build | Palisade Wall |
| 14:43 | queue | Villager (Male) |
| 16:06 | Build | House |
| 16:12 | Age | Feudal Age |
| 16:15 | Research | Man-at-Arms (upgrade) |
| 16:15 | Research | Man-at-Arms (upgrade) |
| 16:41 | Build | Lumber Camp |
| 16:51 | Build | Archery Range |
| 16:58 | queue | Villager (Male) |
| 17:04 | Build | Mining Camp |
| 17:21 | Build | Mill |
| 17:22 | Build | Farm |
| 17:22 | Build | Farm |
| 17:22 | Build | Farm |
| 17:29 | Build | Market |
| 18:14 | queue | Villager (Male) |
| 18:45 | Research | Castle Age |
| 18:45 | Research | Castle Age |
| 18:46 | Research | Castle Age |
| 18:56 | Research | Double-Bit Axe |
| 19:10 | queue | Archer |
| 19:40 | queue | Archer |
| 20:06 | Build | Blacksmith |
| 20:25 | queue | Archer |
| 20:40 | queue | Villager (Male) |
| 20:54 | Research | Fletching |
| 20:54 | Research | Fletching |
| 21:09 | Build | Watch Tower |
| 21:25 | Age | Castle Age |
| 21:35 | Build | Siege Workshop |
| 21:39 | queue | Villager (Male) |
| 21:45 | Build | Farm |
| 21:49 | Build | Farm |
| 22:39 | Research | Bodkin Arrow |
| 22:39 | Research | Bodkin Arrow |
| 22:41 | queue | Cavalry Archer |
| 22:41 | queue | Cavalry Archer |
| 22:42 | queue | Villager (Male) |
| 22:45 | queue | Mangonel |
| 22:45 | queue | Mangonel |
| 22:52 | Build | Town Center |
| 23:19 | queue | Mangonel |
| 23:19 | queue | Villager (Male) |
| 23:47 | queue | Cavalry Archer |
| 23:47 | queue | Cavalry Archer |
| 23:59 | queue | Villager (Male) |
| 24:00 | queue | Villager (Male) |
| 24:32 | queue | Villager (Male) |
| 24:32 | queue | Villager (Male) |
| 24:33 | Build | Farm |
| 24:52 | queue | Cavalry Archer |
| 25:00 | queue | Mangonel |
| 25:33 | queue | Battering Ram |
| 25:33 | queue | Battering Ram |
| 25:40 | queue | Villager (Male) |
| 25:47 | queue | Villager (Male) |
| 25:49 | Build | Farm |
| 25:49 | Build | Farm |
| 25:50 | queue | Villager (Male) |
| 26:11 | queue | Villager (Male) |
| 26:17 | Build | Farm |
| 26:19 | queue | Villager (Male) |
| 26:33 | queue | Battering Ram |
| 26:36 | Build | House |
| 26:37 | Build | House |
| 26:51 | Build | Monastery |
| 26:56 | Research | Scale Mail Armor |
| 26:56 | Research | Scale Mail Armor |
| 26:56 | Research | Scale Mail Armor |
| 27:01 | Build | House |
| 27:03 | Build | House |
| 27:12 | Build | Mining Camp |
| 27:23 | queue | Villager (Male) |
| 27:41 | Build | Castle |
Build order — AxD | Keiokenkun-Uno-Puro
First 150 of 324 actions detected
| 0:00 | queue | Villager (Male) |
| 0:01 | queue | Villager (Male) |
| 0:02 | Build | House |
| 0:03 | Build | House |
| 0:09 | queue | Villager (Male) |
| 0:09 | queue | Villager (Male) |
| 1:22 | queue | Villager (Male) |
| 1:41 | queue | Villager (Male) |
| 2:19 | queue | Villager (Male) |
| 2:41 | Build | Lumber Camp |
| 2:50 | queue | Villager (Male) |
| 2:58 | queue | Villager (Male) |
| 3:14 | queue | Villager (Male) |
| 3:53 | queue | Villager (Male) |
| 3:54 | queue | Villager (Male) |
| 4:03 | queue | Villager (Male) |
| 4:08 | Build | House |
| 4:13 | queue | Villager (Male) |
| 4:29 | queue | Villager (Male) |
| 4:57 | Build | Palisade Wall |
| 4:59 | Build | Palisade Wall |
| 5:13 | queue | Villager (Male) |
| 5:13 | queue | Villager (Male) |
| 5:19 | Build | Mining Camp |
| 5:33 | Build | Palisade Wall |
| 5:35 | Build | Palisade Wall |
| 5:36 | Build | Palisade Wall |
| 5:37 | Build | Palisade Wall |
| 6:21 | Research | Loom |
| 6:32 | Build | Palisade Wall |
| 7:22 | queue | Villager (Male) |
| 7:54 | Build | Palisade Wall |
| 8:04 | Research | Feudal Age |
| 8:10 | Build | Palisade Wall |
| 8:12 | Build | Palisade Wall |
| 8:13 | Build | Palisade Wall |
| 8:16 | Build | Palisade Wall |
| 8:44 | Build | Mill |
| 8:58 | Build | Palisade Wall |
| 8:59 | Build | Palisade Wall |
| 9:44 | Build | Palisade Wall |
| 9:48 | Build | House |
| 10:08 | Build | Palisade Wall |
| 10:10 | Build | Palisade Wall |
| 10:12 | Build | Palisade Wall |
| 10:12 | Age | Feudal Age |
| 10:18 | Build | Watch Tower |
| 10:21 | Build | House |
| 10:41 | Build | Watch Tower |
| 10:42 | queue | Villager (Male) |
| 10:48 | queue | Villager (Male) |
| 11:11 | Build | Farm |
| 11:40 | Build | Farm |
| 11:41 | Build | Farm |
| 11:42 | Build | Farm |
| 11:47 | Build | Palisade Wall |
| 11:48 | Build | Palisade Wall |
| 11:59 | Build | Palisade Wall |
| 12:11 | queue | Villager (Male) |
| 12:15 | Build | Farm |
| 12:17 | Build | Farm |
| 12:43 | Build | Barracks |
| 12:45 | queue | Villager (Male) |
| 13:01 | queue | Villager (Male) |
| 13:33 | Build | Palisade Wall |
| 13:34 | Build | Palisade Wall |
| 13:48 | queue | Villager (Male) |
| 13:52 | Research | Town Watch |
| 13:53 | Build | House |
| 13:54 | Build | House |
| 14:02 | Build | House |
| 14:27 | Build | Watch Tower |
| 14:30 | queue | Villager (Male) |
| 14:32 | queue | Villager (Male) |
| 14:42 | Research | Double-Bit Axe |
| 14:52 | queue | Villager (Male) |
| 15:03 | Build | Watch Tower |
| 15:06 | Build | Palisade Wall |
| 15:08 | Build | Palisade Wall |
| 15:09 | Build | Palisade Wall |
| 15:13 | Build | Palisade Wall |
| 15:14 | Build | Palisade Wall |
| 15:15 | Build | Palisade Wall |
| 15:22 | queue | Villager (Male) |
| 15:25 | Build | Farm |
| 15:29 | Build | Farm |
| 15:29 | queue | Villager (Male) |
| 15:38 | Build | Watch Tower |
| 15:52 | queue | Villager (Male) |
| 16:05 | queue | Villager (Male) |
| 16:14 | Build | Watch Tower |
| 16:24 | queue | Villager (Male) |
| 16:28 | Build | House |
| 16:30 | Build | Palisade Wall |
| 16:34 | queue | Villager (Male) |
| 16:55 | Build | Farm |
| 17:13 | Build | Palisade Wall |
| 17:22 | Build | Watch Tower |
| 17:23 | queue | Villager (Male) |
| 17:26 | Build | Palisade Wall |
| 17:37 | Build | Palisade Wall |
| 17:38 | Build | Palisade Wall |
| 17:40 | Build | Palisade Wall |
| 17:52 | Build | Stone Wall |
| 17:55 | Build | Stone Wall |
| 17:59 | Build | Stone Wall |
| 18:00 | Build | Stone Wall |
| 18:13 | queue | Villager (Male) |
| 18:18 | Build | Mining Camp |
| 18:27 | queue | Villager (Male) |
| 18:46 | Build | Farm |
| 18:47 | Build | Farm |
| 18:49 | Build | Farm |
| 18:53 | Build | Farm |
| 19:06 | Build | Mill |
| 19:17 | Build | Palisade Wall |
| 19:34 | queue | Villager (Male) |
| 19:39 | Build | Palisade Wall |
| 19:40 | Build | Palisade Wall |
| 19:50 | Build | Palisade Wall |
| 19:51 | Build | Palisade Wall |
| 19:57 | Build | Farm |
| 20:00 | queue | Villager (Male) |
| 20:02 | Build | Farm |
| 20:02 | queue | Villager (Male) |
| 20:28 | Build | House |
| 20:33 | queue | Villager (Male) |
| 20:44 | Build | Market |
| 21:25 | Build | Palisade Wall |
| 21:34 | queue | Villager (Male) |
| 21:45 | Build | Blacksmith |
| 22:04 | Build | Watch Tower |
| 22:16 | Build | Watch Tower |
| 22:41 | Research | Castle Age |
| 22:46 | Build | Mining Camp |
| 23:20 | Research | Fletching |
| 23:22 | queue | Villager (Male) |
| 23:27 | Build | Farm |
| 23:38 | Build | Lumber Camp |
| 23:40 | Build | Stone Wall |
| 24:09 | Build | Farm |
| 24:10 | queue | Villager (Male) |
| 24:21 | queue | Villager (Male) |
| 24:30 | queue | Villager (Male) |
| 25:06 | queue | Villager (Male) |
| 25:20 | Age | Castle Age |
| 25:22 | Build | Palisade Wall |
| 25:24 | Build | Palisade Wall |
| 25:28 | Build | Palisade Wall |
| 25:46 | Build | Siege Workshop |
Match timeline
| 4:30 | Istoleyourratings · first_building Barracks |
| 4:45 | Istoleyourratings · wall_segment Palisade Wall x1 |
| 4:47 | Istoleyourratings · wall_segment Palisade Wall x1 |
| 4:52 | Istoleyourratings · wall_segment Palisade Wall x1 |
| 4:57 | AxD | Keiokenkun-Uno-Puro · wall_segment Palisade Wall x3 |
| 4:59 | AxD | Keiokenkun-Uno-Puro · wall_segment Palisade Wall x4 |
| 5:33 | AxD | Keiokenkun-Uno-Puro · wall_segment Palisade Wall x2 |
| 5:35 | AxD | Keiokenkun-Uno-Puro · wall_segment Palisade Wall x1 |
| 5:36 | AxD | Keiokenkun-Uno-Puro · wall_segment Palisade Wall x1 |
| 5:37 | AxD | Keiokenkun-Uno-Puro · wall_segment Palisade Wall x1 |
| 6:32 | AxD | Keiokenkun-Uno-Puro · wall_segment Palisade Wall x1 |
| 7:54 | AxD | Keiokenkun-Uno-Puro · wall_segment Palisade Wall x1 |
| 8:10 | AxD | Keiokenkun-Uno-Puro · wall_segment Palisade Wall x2 |
| 8:12 | AxD | Keiokenkun-Uno-Puro · wall_segment Palisade Wall x1 |
| 8:13 | AxD | Keiokenkun-Uno-Puro · wall_segment Palisade Wall x1 |
| 8:16 | AxD | Keiokenkun-Uno-Puro · wall_segment Palisade Wall x1 |
| 8:58 | AxD | Keiokenkun-Uno-Puro · wall_segment Palisade Wall x1 |
| 8:59 | AxD | Keiokenkun-Uno-Puro · wall_segment Palisade Wall x1 |
| 9:44 | AxD | Keiokenkun-Uno-Puro · wall_segment Palisade Wall x1 |
| 10:08 | AxD | Keiokenkun-Uno-Puro · wall_segment Palisade Wall x1 |
| 10:10 | AxD | Keiokenkun-Uno-Puro · wall_segment Palisade Wall x1 |
| 10:10 | Istoleyourratings · wall_segment Palisade Wall x1 |
| 10:12 | AxD | Keiokenkun-Uno-Puro · wall_segment Palisade Wall x1 |
| 10:12 | Istoleyourratings · wall_segment Palisade Wall x1 |
| 10:12 | AxD | Keiokenkun-Uno-Puro · age_up feudal |
| 10:13 | Istoleyourratings · wall_segment Palisade Wall x1 |
| 11:37 | Istoleyourratings · wall_segment Palisade Wall x1 |
| 11:42 | Istoleyourratings · wall_segment Palisade Wall x1 |
| 11:47 | AxD | Keiokenkun-Uno-Puro · wall_segment Palisade Wall x1 |
| 11:48 | AxD | Keiokenkun-Uno-Puro · wall_segment Palisade Wall x1 |
| 11:55 | Istoleyourratings · wall_segment Palisade Wall x1 |
| 11:59 | AxD | Keiokenkun-Uno-Puro · wall_segment Palisade Wall x1 |
| 12:43 | AxD | Keiokenkun-Uno-Puro · first_building Barracks |
| 13:33 | AxD | Keiokenkun-Uno-Puro · wall_segment Palisade Wall x1 |
| 13:34 | AxD | Keiokenkun-Uno-Puro · wall_segment Palisade Wall x1 |
| 14:24 | Istoleyourratings · wall_segment Palisade Wall x2 |
| 14:27 | Istoleyourratings · wall_segment Palisade Wall x5 |
| 15:06 | AxD | Keiokenkun-Uno-Puro · wall_segment Palisade Wall x1 |
| 15:08 | AxD | Keiokenkun-Uno-Puro · wall_segment Palisade Wall x1 |
| 15:09 | AxD | Keiokenkun-Uno-Puro · wall_segment Palisade Wall x1 |
| 15:13 | AxD | Keiokenkun-Uno-Puro · wall_segment Palisade Wall x1 |
| 15:14 | AxD | Keiokenkun-Uno-Puro · wall_segment Palisade Wall x1 |
| 15:15 | AxD | Keiokenkun-Uno-Puro · wall_segment Palisade Wall x1 |
| 16:12 | Istoleyourratings · age_up feudal |
| 16:30 | AxD | Keiokenkun-Uno-Puro · wall_segment Palisade Wall x1 |
| 16:51 | Istoleyourratings · first_building Archery Range |
| 17:13 | AxD | Keiokenkun-Uno-Puro · wall_segment Palisade Wall x9 |
| 17:26 | AxD | Keiokenkun-Uno-Puro · wall_segment Palisade Wall x1 |
| 17:37 | AxD | Keiokenkun-Uno-Puro · wall_segment Palisade Wall x1 |
| 17:38 | AxD | Keiokenkun-Uno-Puro · wall_segment Palisade Wall x1 |
| 17:40 | AxD | Keiokenkun-Uno-Puro · wall_segment Palisade Wall x6 |
| 17:52 | AxD | Keiokenkun-Uno-Puro · wall_segment Stone Wall x3 |
| 17:55 | AxD | Keiokenkun-Uno-Puro · wall_segment Stone Wall x1 |
| 17:59 | AxD | Keiokenkun-Uno-Puro · wall_segment Stone Wall x1 |
| 18:00 | AxD | Keiokenkun-Uno-Puro · wall_segment Stone Wall x1 |
| 18:32 | Istoleyourratings · first_market_buy 100 food |
| 18:36 | Istoleyourratings · first_market_sell 100 stone |
| 19:17 | AxD | Keiokenkun-Uno-Puro · wall_segment Palisade Wall x1 |
| 19:39 | AxD | Keiokenkun-Uno-Puro · wall_segment Palisade Wall x1 |
| 19:40 | AxD | Keiokenkun-Uno-Puro · wall_segment Palisade Wall x1 |
| 19:50 | AxD | Keiokenkun-Uno-Puro · wall_segment Palisade Wall x1 |
| 19:51 | AxD | Keiokenkun-Uno-Puro · wall_segment Palisade Wall x1 |
| 21:25 | AxD | Keiokenkun-Uno-Puro · wall_segment Palisade Wall x1 |
| 21:25 | Istoleyourratings · age_up castle |
| 21:31 | AxD | Keiokenkun-Uno-Puro · first_market_sell 100 wood |
| 21:35 | Istoleyourratings · first_building Siege Workshop |
| 21:52 | AxD | Keiokenkun-Uno-Puro · first_market_buy 100 stone |
| 23:40 | AxD | Keiokenkun-Uno-Puro · wall_segment Stone Wall x1 |
| 25:20 | AxD | Keiokenkun-Uno-Puro · age_up castle |
| 25:22 | AxD | Keiokenkun-Uno-Puro · wall_segment Palisade Wall x1 |
| 25:24 | AxD | Keiokenkun-Uno-Puro · wall_segment Palisade Wall x1 |
| 25:28 | AxD | Keiokenkun-Uno-Puro · wall_segment Palisade Wall x1 |
| 25:46 | AxD | Keiokenkun-Uno-Puro · first_building Siege Workshop |
| 26:51 | Istoleyourratings · first_building Monastery |
| 27:41 | Istoleyourratings · first_building Castle |
| 28:25 | AxD | Keiokenkun-Uno-Puro · first_building Stable |
| 32:14 | AxD | Keiokenkun-Uno-Puro · first_building Castle |
| 32:33 | AxD | Keiokenkun-Uno-Puro · wall_segment Stone Wall x1 |
| 41:48 | AxD | Keiokenkun-Uno-Puro · wall_segment Stone Wall x14 |
| 43:30 | AxD | Keiokenkun-Uno-Puro · wall_segment Stone Wall x2 |
| 43:31 | AxD | Keiokenkun-Uno-Puro · wall_segment Stone Wall x1 |
| 48:21 | AxD | Keiokenkun-Uno-Puro · wall_segment Stone Wall x3 |
| 48:30 | AxD | Keiokenkun-Uno-Puro · wall_segment Stone Wall x3 |
| 48:32 | AxD | Keiokenkun-Uno-Puro · wall_segment Stone Wall x5 |
| 48:35 | AxD | Keiokenkun-Uno-Puro · wall_segment Stone Wall x4 |
| 48:51 | AxD | Keiokenkun-Uno-Puro · wall_segment Stone Wall x4 |
| 48:53 | AxD | Keiokenkun-Uno-Puro · wall_segment Stone Wall x1 |
| 48:54 | AxD | Keiokenkun-Uno-Puro · wall_segment Stone Wall x1 |
| 49:01 | AxD | Keiokenkun-Uno-Puro · wall_segment Stone Wall x3 |
| 49:27 | AxD | Keiokenkun-Uno-Puro · wall_segment Stone Wall x1 |
| 49:29 | AxD | Keiokenkun-Uno-Puro · wall_segment Stone Wall x1 |
| 49:38 | AxD | Keiokenkun-Uno-Puro · wall_segment Stone Wall x1 |
| 49:45 | AxD | Keiokenkun-Uno-Puro · wall_segment Stone Wall x1 |
| 49:50 | AxD | Keiokenkun-Uno-Puro · wall_segment Stone Wall x4 |
| 50:05 | AxD | Keiokenkun-Uno-Puro · age_up imperial |
| 51:17 | AxD | Keiokenkun-Uno-Puro · wall_segment Stone Wall x1 |
| 51:18 | AxD | Keiokenkun-Uno-Puro · wall_segment Stone Wall x1 |
| 51:19 | AxD | Keiokenkun-Uno-Puro · wall_segment Stone Wall x1 |
| 51:21 | AxD | Keiokenkun-Uno-Puro · wall_segment Stone Wall x1 |
| 52:19 | Istoleyourratings · age_up imperial |
| 55:30 | AxD | Keiokenkun-Uno-Puro · first_building Archery Range |
| 56:30 | AxD | Keiokenkun-Uno-Puro · resign |
[ AI ANALYSIS · 1 CREDIT ]
What really happened in this match?
Wolo.gg analyzes every decision: build order, eco, micro, common mistakes by bracket. Personalized analysis on WhatsApp or Discord in 30 seconds.
Civ guide
Goths
Perfil
Jugador #18203263